 Dungeon Crawl Stone Soup version 0.26-a0-651-gb41185065b (webtiles) character file.

Game seed: 10179100117997000768

16228 Ozzies the Fighter (level 12, -9/84 HPs)
             Began as a Gargoyle Fighter on Oct 14, 2020.
             Was an Elder of Okawaru.
             Mangled by a very large slime creature (28 damage)
             ... on level 13 of the Dungeon.
             The game lasted 00:18:15 (13509 turns).

Ozzies the Fighter (Gargoyle Fighter)              Turns: 13509, Time: 00:18:15

Health: -9/84      AC: 37    Str: 33    XL:     12   Next: 35%
Magic:  16/16      EV:  9    Int: 10    God:    Okawaru [****..]
Gold:   558        SH: 18    Dex:  9    Spells: 11/11 levels left

rFire    . . .     SeeInvis .   F - +3 hand axe (elec)
rCold    . . .     Faith    .   c - +0 kite shield
rNeg     + . .     Spirit   .   L - +0 plate armour
rPois    ∞         Reflect  +   T - +2 helmet of Indomitability {Str+3}
rElec    +         Harm     .   W - +2 cloak {rPois}
rCorr    .         Rampage  .   V - +0 pair of gloves
MR       .....                  p - +0 pair of boots
Stlth    ..........             D - amulet of reflection
HPRegen  0.24/turn              C - +4 ring of protection
MPRegen  0.15/turn              A - +6 ring of strength

@: no status effects
A: negative energy resistance 1, electricity resistance, unbreathing,
petrification resistance, rot immunity, AC +8
a: Heroism, Renounce Religion


You were on level 13 of the Dungeon.
You worshipped Okawaru.
Okawaru was greatly pleased with you.
You visited 2 branches of the dungeon, and saw 14 of its levels.

You collected 970 gold pieces.
You spent 412 gold pieces at shops.

Inventory:

Hand Weapons
 r - a cursed +2 morningstar
 F - a +3 hand axe of electrocution (weapon)
 G - a +2 vorpal mace
 P - a +0 broad axe
Armour
 c - a +0 kite shield (worn)
 o - a scarf of invisibility
 p - a +0 pair of boots (worn)
 x - a +0 helmet
 L - a +0 plate armour (worn)
 T - the +2 helmet of Indomitability (worn) {Str+3}
   (You bought it in a shop on level 13 of the Dungeon)

   It affects your strength (+3).
 V - a +0 pair of gloves (worn)
 W - a +2 cloak of poison resistance (worn)
Jewellery
 f - a +4 ring of protection
 h - an uncursed ring of protection from cold
 j - an uncursed ring of protection from fire
 A - a +6 ring of strength (right hand)
 C - a +4 ring of protection (left hand)
 D - an amulet of reflection (around neck)
 Q - an uncursed ring of ice
 S - an uncursed ring of resist corrosion
 U - an uncursed ring of magical power
Wands
 a - a wand of polymorph (6)
 e - a wand of disintegration (19)
 J - a wand of random effects (40)
 K - a wand of acid (13)
 N - a wand of iceblast (11)
 R - a wand of paralysis (13)
Scrolls
 g - 4 scrolls of enchant weapon
 l - 10 scrolls of teleportation {@r3 !r}
 s - 5 scrolls of immolation
 v - 2 scrolls of random uselessness
 w - 6 scrolls of remove curse {@r2}
 y - 2 scrolls of blinking {@r4}
 B - a scroll of enchant armour
 E - 2 scrolls of magic mapping
 H - 2 scrolls of fear {unknown}
 M - a scroll of fog {!r}
 O - 2 scrolls of amnesia {unknown}
Potions
 b - a potion of berserk rage {unknown}
 d - 4 potions of might {@q3 !q}
 i - 4 potions of heal wounds {@q2 !q}
 k - 3 potions of cancellation {unknown}
 m - 3 potions of stabbing {unknown}
 n - 2 potions of mutation {unknown}
 q - 3 potions of haste {unknown}
 t - 7 potions of curing
 u - 2 potions of lignification {unknown}
 z - 4 potions of flight {unknown}
 I - a potion of invisibility {unknown}


   Skills:
 + Level 13.1 Fighting
   Level 3.0 Short Blades
 - Level 4.7(5.0) Axes
 - Level 2.0(3.9) Maces & Flails
 + Level 9.9 Armour
 - Level 5.0 Dodging
 + Level 9.9 Shields
 + Level 5.7 Invocations


You had 11 spell levels left.
You didn't know any spells.
Your spell library contained the following spells:

 Spells                   Type           Power        Failure   Level
 Animate Skeleton         Necr           #.....       99%         1
 Apportation              Tloc           #.....       99%         1
 Beastly Appendage        Tmut           #.....       99%         1
 Corona                   Hex            #......      99%         1
 Magic Dart               Conj           #...         99%         1
 Pain                     Necr           #...         99%         1
 Summon Small Mammal      Summ           #...         99%         1
 Blink                    Tloc           N/A          100%        2
 Call Imp                 Summ           #.......     100%        2
 Searing Ray              Conj           #.....       100%        2
 Slow                     Hex            #.......     100%        2
 Wereblood                Tmut           #.......     100%        2
 Call Canine Familiar     Summ           #.......     100%        3
 Conjure Flame            Conj/Fire      #.......     100%        3
 Dazzling Flash           Conj/Hex       #.....       100%        3
 Mephitic Cloud           Conj/Pois/Air  #.......     100%        3
 Spider Form              Tmut/Pois      #.........   100%        3
 Summon Guardian Golem    Hex/Summ       #.......     100%        3
 Vampiric Draining        Necr           #.........   100%        3
 Animate Dead             Necr           #.........   100%        4
 Fulminant Prism          Conj/Hex       #.........   100%        4
 Ice Form                 Ice/Tmut       #.......     100%        4
 Iskenderun's Mystic Bla  Conj/Tloc      #.......     100%        4
 Summon Ice Beast         Ice/Summ       #.......     100%        4
 Summon Lightning Spire   Summ/Air       #.......     100%        4
 Agony                    Necr           #.......     100%        5
 Blade Hands              Tmut           #.........   100%        5


Dungeon Overview and Level Annotations

Branches:
Dungeon (13/15)            Temple (1/1) D:7            Lair (0/6) D:9
    Orc (0/2) D:9
 Vaults: D:13-14

Altars:
Ashenzari
Cheibriados
Dithmenos
Elyvilon
Fedhas
Gozag
Hepliaklqana
Kikubaaqudgha
Makhleb
Nemelex Xobeh
Okawaru
Qazlal
Ru
Sif Muna
Trog
Uskayaw
Vehumet
Wu Jian
Xom
Yredelemnul
Zin
The Shining One

Shops:
D:8 ?   D:9 ?   D:13 *

Annotations:
D:11 1 runed translucent door, Ozzies's ghost, journeyman MiFi
D:13 Kirke


Innate Abilities, Weirdness & Mutations

You are resistant to torment.
Your stone body is resilient. (AC +8)
You are immune to poison.
You resist negative energy. (rN+)
You are resistant to electric shocks. (rElec)
You can survive without breathing.
You are immune to petrification.
You are immune to rotting.


Message History

Two slime creatures merge to form a very large slime creature.
You open the door.
A slime creature comes into view.
The slime creature quivers.
There is an open door here.
A slime creature comes into view.
The slime creature quivers.
You block the killer bee's attack.
Two slime creatures merge to form a large slime creature.
You block the killer bee's attack.
You closely miss the killer bee. You block the killer bee's attack. x2
You slice the killer bee!!
Lightning courses through the killer bee!
You kill the killer bee!
Okawaru accepts your kill.
You hit the large slime creature.
The large slime creature is lightly wounded.
You block the large slime creature's attack.
Two slime creatures merge to form a very large slime creature.
Your shield and plate armour prevent you from hitting the very large slime creature.
The very large slime creature is lightly wounded.
You hit the very large slime creature.
The very large slime creature is lightly wounded.
Two slime creatures merge to form a large slime creature.
You block the very large slime creature's attack.
Two slime creatures merge to form a very large slime creature.
You hit the very large slime creature but do no damage.
Lightning courses through the very large slime creature!
The very large slime creature is lightly wounded.
The very large slime creature hits you!
You slash the very large slime creature!
Lightning courses through the very large slime creature!
The very large slime creature is lightly wounded.
The very large slime creature hits you but does no damage.
You slash the very large slime creature!
The very large slime creature is moderately wounded.
The very large slime creature hits you but does no damage.
You block the very large slime creature's attack.
You slash the very large slime creature!
Lightning courses through the very large slime creature!!
The very large slime creature is moderately wounded.
The very large slime creature hits you but does no damage.
You hit the very large slime creature but do no damage.
Lightning courses through the very large slime creature!!
The very large slime creature is heavily wounded.
You block the very large slime creature's attack.
You slash the very large slime creature!
Lightning courses through the very large slime creature!
The very large slime creature is severely wounded.
You block the very large slime creature's attack.
You barely miss the very large slime creature.
The very large slime creature is severely wounded.
You block the very large slime creature's attack.
You slash the very large slime creature!
The very large slime creature is severely wounded.
The very large slime creature hits you but does no damage.
You hit the very large slime creature.
Lightning courses through the very large slime creature!
The very large slime creature is severely wounded.
The very large slime creature hits you but does no damage.
You slash the very large slime creature!
The very large slime creature is almost dead.
The very large slime creature barely misses you.
You hit the very large slime creature.
The very large slime creature is almost dead.
The very large slime creature hits you!
You hit the very large slime creature.
The very large slime creature is almost dead.
The very large slime creature hits you!
You block the very large slime creature's attack.
You slash the very large slime creature!
The very large slime creature is almost dead.
The very large slime creature hits you!!
* * * LOW HITPOINT WARNING * * *
You are too injured to fight recklessly!
You are too injured to fight recklessly!
You are too injured to fight recklessly!
You are too injured to fight recklessly!
You are too injured to fight recklessly!
You are too injured to fight recklessly!
You are too injured to fight recklessly!
You are too injured to fight recklessly!
You are too injured to fight recklessly!
You are too injured to fight recklessly!
You are too injured to fight recklessly!
You are too injured to fight recklessly!
You are too injured to fight recklessly!
You are too injured to fight recklessly!
You are too injured to fight recklessly!
You are too injured to fight recklessly!
You are too injured to fight recklessly!
You are too injured to fight recklessly!
You are too injured to fight recklessly!
You slash the very large slime creature!
The very large slime creature is almost dead.
You block the very large slime creature's attack.
You slash the very large slime creature!
The very large slime creature is almost dead.
The very large slime creature hits you!!
You die...

##### ##...##########
##...##....[...### #.
#########...##.########..##
.. ...........##.## #...##
#. #######...##.### ####
##...## ..
#....(...##.###......
###..# .#
#.#####.##.####...... ###.
## #.# #....'@JJJ⌠..⌠. ## .
#.# #.##.####...... ###.
#####.# #..##.###J.....
###..# ......# ... ##.###
#### ##...## ####### ###..
##.## #...## ... #.
##.########..## ### #.
##........### ##########


You could see 2 very large slime creatures and a jelly.

Vanquished Creatures
  Josephine (D:11)
  2 two-headed ogres
  Nergalle (D:12)
  An unseen horror (D:13)
  2 ugly things
  A deep elf mage (D:11)
  A centaur zombie (D:11)
  3 gargoyles
  A centaur skeleton (D:10)
  A komodo dragon (D:11)
  2 trolls
  Grinder (D:3)
  3 hippogriffs
  4 yaks (D:12)
  A hog (D:13)
  3 wraiths (D:11)
  6 water moccasins
  4 ice beasts
  4 sky beasts
  A phantom (D:9)
  7 orc warriors
  An eye of draining (D:12)
  5 ogres
  7 centaurs
  3 big kobolds
  A crocodile (D:12)
  Blork the orc (D:6)
  6 bullfrogs
  2 water moccasin zombies
  7 scorpions
  A killer bee (D:13)
  18 wights
  5 howler monkeys
  8 electric eels
  A bullfrog zombie (D:5)
  3 jellies
  3 bullfrog skeletons
  6 hounds
  15 orc priests
  6 iguanas
  19 orc wizards
  12 worker ants
  A killer bee zombie (D:6)
  4 hound zombies
  Robin (D:3)
  5 gnolls
  15 adders
  A shadow imp (D:6)
  4 white imps
  5 ufetubi
  4 worms
  An adder zombie (D:9)
  2 dart slugs
  6 leopard geckos
  50 orcs
  5 ball pythons
  4 giant cockroaches
  18 goblins
  6 hobgoblins
  14 jackals
  23 kobolds
  2 quokkas
  A ball python zombie (D:4)
  10 bats
  6 frilled lizards
  2 leopard gecko skeletons
  2 quokka skeletons
  8 rats
380 creatures vanquished.

Vanquished Creatures (others)
  An orc (D:10)
  A kobold (D:10)
  21 plants
23 creatures vanquished.

Grand Total: 403 creatures vanquished

Notes
Turn   | Place    | Note
-------+----------+-------------------------------------------
     0 | D:1      | Ozzies the Gargoyle Fighter began the quest for the Orb.
     0 | D:1      | Reached XP level 1. HP: 14/14 MP: 1/1
   143 | D:1      | Reached XP level 2. HP: 20/20 MP: 2/2
   151 | D:1      | Reached skill level 4 in Fighting
   608 | D:1      | Reached XP level 3. HP: 21/24 MP: 3/3
  1141 | D:2      | Reached skill level 5 in Fighting
  1173 | D:2      | Reached XP level 4. HP: 30/31 MP: 4/4
  1237 | D:2      | Reached skill level 6 in Fighting
  1237 | D:2      | Reached XP level 5. HP: 28/36 MP: 5/5
  1944 | D:3      | Found a burning altar of Makhleb.
  2228 | D:3      | Noticed Robin
  2282 | D:3      | Killed Robin
  2282 | D:3      | Reached skill level 7 in Fighting
  2300 | D:3      | Reached XP level 6. HP: 31/44 MP: 6/6
  2529 | D:3      | Reached skill level 1 in Short Blades
  2778 | D:3      | Noticed Grinder
  2791 | D:3      | Paralysed by Grinder for 5 turns
  2796 | D:3      | Killed Grinder
  2796 | D:3      | Reached skill level 8 in Fighting
  2796 | D:3      | Reached XP level 7. HP: 40/49 MP: 7/7
  3828 | D:4      | Reached skill level 1 in Dodging
  4104 | D:4      | Reached XP level 8. HP: 54/55 MP: 8/8
  4745 | D:4      | Reached skill level 9 in Fighting
  4853 | D:5      | Entered Level 5 of the Dungeon
  4950 | D:5      | You fall into a shaft and drop 2 floors!
  5325 | D:6      | Noticed Blork the orc
  5333 | D:6      | Killed Blork the orc
  5333 | D:6      | Reached skill level 5 in Armour
  5349 | D:6      | Reached skill level 5 in Shields
  5388 | D:6      | Reached XP level 9. HP: 40/62 MP: 9/9
  5645 | D:5      | Reached skill level 10 in Fighting
  5645 | D:5      | Reached skill level 1 in Axes
  7005 | D:7      | Found a staircase to the Ecumenical Temple.
  7014 | Temple   | Entered the Ecumenical Temple
  7469 | D:8      | Found Plog's Magic Scroll Boutique.
  7478 | D:8      | Reached skill level 11 in Fighting
  7587 | D:8      | Bought a scroll of identify for 22 gold pieces
  7642 | D:8      | Noticed a troll
  7646 | D:8      | Reached XP level 10. HP: 68/69 MP: 10/10
  8106 | D:8      | Found an iron altar of Okawaru.
  8148 | D:8      | Became a worshipper of Warmaster Okawaru
  8577 | D:9      | Reached skill level 12 in Fighting
  8666 | D:9      | Found a staircase to the Orcish Mines.
  8673 | D:9      | Reached * piety under Okawaru
  8676 | D:9      | Found Zomot's Magic Scroll Emporium.
  8955 | D:9      | Found a staircase to the Lair.
  9486 | D:9      | Reached skill level 1 in Invocations
  9600 | D:10     | Entered Level 10 of the Dungeon
 10153 | D:10     | Reached ** piety under Okawaru
 10153 | D:10     | Reached XP level 11. HP: 76/76 MP: 12/12
 11031 | D:11     | Found a runed translucent door.
 11031 | D:11     | Noticed an ettin
 11031 | D:11     | Noticed Ozzies's ghost (journeyman MiFi)
 11192 | D:11     | Noticed a two-headed ogre
 11202 | D:11     | Killed a two-headed ogre
 11322 | D:11     | Reached *** piety under Okawaru
 11416 | D:11     | Noticed Josephine
 11428 | D:11     | Killed Josephine
 11629 | D:11     | Noticed a deep elf mage
 11645 | D:11     | Killed a deep elf mage
 12158 | D:12     | Reached **** piety under Okawaru
 12158 | D:12     | Received a gift from Okawaru
 12342 | D:12     | Noticed a two-headed ogre
 12349 | D:12     | Killed a two-headed ogre
 12389 | D:12     | Reached XP level 12. HP: 82/82 MP: 15/15
 12454 | D:12     | Reached skill level 5 in Dodging
 12543 | D:12     | Noticed Nergalle
 12561 | D:12     | Killed Nergalle
 12561 | D:12     | Reached skill level 5 in Invocations
 12857 | D:12     | Received a gift from Okawaru
 12857 | D:12     | Reached skill level 13 in Fighting
 13159 | D:13     | Found Avisch's Assorted Antiques.
 13288 | D:13     | Bought a heavily runed helmet for 218 gold pieces
 13288 | D:13     | Bought an embroidered cloak for 172 gold pieces
 13298 | D:13     | Identified the +2 helmet of Indomitability {Str+3} (You
                  | bought it in a shop on level 13 of the Dungeon)
 13325 | D:13     | Noticed Kirke
 13509 | D:13     | Mangled by a very large slime creature

Illustrated notes

Levels and vault maps discovered:
D:1:      dpeg_arrival_windows_large_door, layout_basic
D:2:      layout_basic
D:3:      layout_basic, bloody_makhleb, uniq_grinder, uniq_robin
D:4:      layout_basic, kennysheep_small_spiral, minmay_unequal
D:5:      layout_cave_pools
D:6:      layout_basic, kennysheep_generic_room_2, uniq_blork_the_orc
D:7:      layout_rooms, minmay_temple_entry_butterflies
D:8:      layout_loops_ring, okawaru_altar_gauntlet_db, serial_shops, shop
D:9:      layout_loops_cross, dpeg_oklobed_lair, orc_david_3, serial_shops,
          nicolae_shop_waterfront, serial_bayou_lagoon_b
D:10:     layout_irregular_city, serial_co_window_serial, co_window_paths_a,
          co_window_paths_a, co_window_paths_a, co_window_of_opportunity_a,
          co_window_paths_b, co_window_broadway_b, co_window_corner_b,
          co_window_broadway_b, co_window_2corner, co_window_broadway_a,
          glass_columns_b, glass_columns_a, serial_bayou_lake_a
D:11:     layout_small_grid, ebering_ghost_inner_flame, dk_noncrumbling_4,
          uniq_josephine
D:12:     layout_stronghold, uniq_nergalle
D:13:     layout_basic, serial_shops, shop, wad_hexagon, uniq_kirke
Temple:   nicolae_temple_the_god_donut

Skill      XL: |  1  2  3  4  5  6  7  8  9 10 11 12 |
---------------+-------------------------------------+-----
Fighting       | 4 5 6 7 8 9 11 12 13 | 13.1
Short Blades   | 2 3 |  3.0
Dodging        | 1 2 3 4 5 |  5.0
Shields        | 4 5 6 8 9 |  9.9
Armour         | 4 5 6 8 9 |  9.9
Axes           | 2 3 4 |  4.7
Invocations    | 1 4 5 |  5.7
Maces & Flails | |  2.0

Action                   |  1- 3 |  4- 6 |  7- 9 | 10-12 || total
-------------------------+-------+-------+-------+-------++-------
Melee: Flail             |   180 |   103 |       |       ||   283
       Spear             |    19 |       |       |       ||    19
       Dagger            |       |   127 |   286 |       ||   413
       Hand axe          |       |       |   155 |   697 ||   852
 Abil: Evoke Invisibilit |     1 |       |       |       ||     1
  Use: Scroll            |     3 |       |     7 |     2 ||    12
Armor: Scale mail        |   187 |    19 |       |       ||   206
       Chain mail        |       |   229 |   316 |    57 ||   602
       Plate armour      |       |       |       |   309 ||   309
Dodge: Dodged            |   109 |    63 |   113 |   139 ||   424
Block: Kite shield       |   146 |   148 |   257 |   451 ||  1002
       Reflection        |       |       |       |    19 ||    19

Table legend: (Time is in decaauts)
 A = Elapsed time spent in this place.
 B = Non-inter-level travel time spent in this place.
 C = Inter-level travel time spent in this place.
 D = Time resting spent in this place.
 E = Time spent auto-exploring this place.
 F = Levels seen in this place.
 G = Mean time per level.
                   A        B        C        D        E       F      G
               +--------+--------+--------+--------+--------+-----+--------+
         Total |  13786 |  13350 |    436 |   1743 |   8684 |  14 |  984.7 |
       Dungeon |  13542 |  13118 |    424 |   1743 |   8451 |  13 | 1041.7 |
        Temple |    244 |    233 |     11 |      0 |    233 |   1 |  244.0 |
               +--------+--------+--------+--------+--------+-----+--------+

Top non-repeatable levels by time:
     D:3: 1950 daAuts
    D:10: 1378 daAuts
     D:6: 1253 daAuts
     D:9: 1165 daAuts
    D:11: 1164 daAuts
    D:12: 1071 daAuts
     D:1: 1059 daAuts
     D:8: 1054 daAuts
     D:2: 970 daAuts
     D:4: 960 daAuts
     D:5: 745 daAuts
     D:7: 398 daAuts
    D:13: 369 daAuts
  Temple: 244 daAuts
